 Dungeon Crawl Stone Soup version 0.25.0-1-g7eea58d2a3 (webtiles) character file.

Game seed: 8095200359700299944

99 Delamore the Cudgeler (level 4, -9/28 HPs)
             Began as a Gargoyle Fighter on June 14, 2020.
             Killed by divine providence
             ... invoked by an orc priest
              (14 damage)
             ... on level 3 of the Dungeon.
             The game lasted 00:01:44 (1877 turns).

Delamore the Cudgeler (Gargoyle Fighter)            Turns: 1877, Time: 00:01:45

Health: -9/28      AC: 11    Str: 21    XL:     4   Next: 72%
Magic:  4/4        EV:  7    Int:  8    God:
Gold:   84         SH:  9    Dex:  9    Spells: 3/3 levels left

rFire    . . .     SeeInvis .   a - +0 flail
rCold    . . .     Gourm    .   c - +0 kite shield
rNeg     + . .     Faith    .   b - +0 scale mail
rPois    ∞         Spirit   .   s - +1 hat
rElec    +         Reflect  .   (no cloak)
rCorr    .         Harm     .   (no gloves)
MR       .....     Rnd*Tele +   (no boots)
Stlth    ..........             (no amulet)
HPRegen  0.09/turn              i - ring of teleportation (curse)
MPRegen  0.09/turn              (no ring)

@: no status effects
A: negative energy resistance 1, electricity resistance, unbreathing,
petrification resistance, rot immunity, AC +3
a: no special abilities


You were on level 3 of the Dungeon.
You were not hungry.

You visited 1 branch of the dungeon, and saw 3 of its levels.

You collected 84 gold pieces.

Inventory:

Hand Weapons
 a - a +0 flail (weapon)
Armour
 b - a +0 scale mail (worn)
 c - a +0 kite shield (worn)
 s - a +1 hat (worn)
Jewellery
 i - a cursed ring of teleportation (left hand)
Wands
 k - a wand of digging (5)
Scrolls
 j - 3 scrolls of teleportation {unknown}
 l - 2 scrolls of enchant weapon {unknown}
 m - a scroll of identify {unknown}
 p - a scroll of fear {unknown}
 q - a scroll of amnesia {unknown}
Potions
 d - a potion of might
 e - a potion of invisibility {unknown}
 g - a potion of stabbing {unknown}
 h - 2 potions of curing {unknown}
 n - a potion of heal wounds {unknown}
 o - a potion of magic {unknown}
 r - a potion of brilliance {unknown}
 u - a potion of mutation {unknown}
Comestibles
 f - 6 rations
 t - 6 chunks of flesh


   Skills:
 - Level 3.2 Fighting
 + Level 4.8 Maces & Flails
 - Level 3.2 Armour
 - Level 3.2 Shields


You had 3 spell levels left.
You didn't know any spells.
Your spell library was empty.

Dungeon Overview and Level Annotations

Branches:
Dungeon (3/15)

Altars:
Ashenzari


Innate Abilities, Weirdness & Mutations

You are resistant to torment.
Your stone body is resilient. (AC +3)
You are immune to poison.
You resist negative energy. (rN+)
You are resistant to electric shocks. (rElec)
You can survive without breathing.
You are immune to petrification.
You are immune to rotting.


Message History

You block the adder's attack.
The orc wizard mumbles some strange words.
The orc wizard seems to speed up.
You block the adder's attack. The adder bites you but does no damage.
The orc wizard looks braver for a moment.
You block the adder's attack.
The orc wizard looks braver for a moment.
The adder bites you but does no damage.
The orc wizard hits you but does no damage.
The adder barely misses you.
The orc wizard hits you but does no damage.
You block the orc wizard's attack. x2
The orc wizard hits you but does no damage.
The adder bites you but does no damage.
The orc wizard hits you but does no damage.
You block the orc wizard's attack.
The orc priest calls down the wrath of Beogh upon you.
Beogh smites you!
Ouch! That really hurt!
You die...

#.............#
#..........o..#
#.............#
#............)#
#.........o...#### #.
#.............#.. # ..
#...........o.#.# .#
#.
#...........So#.####..
#.
##########+###@.<.....
#. ###........###. #.
...........# #.
########...# #.
..........# #.
########..###.# #.
#......# #.
##.############.
#.##...........


You could see an orc priest, 2 orc wizards, an adder and an orc.

Vanquished Creatures
  Terence (D:2)
  An adder (D:2)
  An ooze (D:3)
  A worm (D:2)
  3 dart slugs
  A leopard gecko (D:2)
  An orc (D:3)
  5 giant cockroaches
  3 goblins
  8 hobgoblins
  A ball python (D:1)
  4 bats
  4 frilled lizards
  9 kobolds
  6 rats
49 creatures vanquished.

Notes
Turn   | Place    | Note
-------+----------+-------------------------------------------
     0 | D:1      | Delamore the Gargoyle Fighter began the quest for the Orb.
     0 | D:1      | Reached XP level 1. HP: 14/14 MP: 1/1
   183 | D:1      | Reached XP level 2. HP: 19/19 MP: 2/2
   257 | D:1      | You fall into a shaft and drop 1 floor!
   270 | D:2      | Noticed Terence
   292 | D:2      | Killed Terence
   292 | D:2      | Reached skill level 3 in Maces & Flails
   292 | D:2      | Reached XP level 3. HP: 18/23 MP: 3/3
   593 | D:1      | Reached skill level 4 in Maces & Flails
   674 | D:1      | Found a shattered altar of Ashenzari.
  1036 | D:2      | Reached XP level 4. HP: 28/28 MP: 4/4
  1877 | D:3      | Killed from afar by an orc priest

Illustrated notes

Levels and vault maps discovered:
D:1:      minmay_arrival_stone_box, layout_loops_ring, ashenzari_altar_1
D:2:      layout_loops_cross, first_ration, uniq_terence
D:3:      cheibrodos_pilgrimage, layout_basic,
          grunt_temple_overflow_champion_of_chaos, led_sif_book,
          old_standard_altar

Skill      XL: |  1  2  3 |
---------------+----------+-----
Maces & Flails | 3 4 |  4.8
Fighting       | |  3.2
Armour         | |  3.2
Shields        | |  3.2

Action                   |  1- 3 |  4- 6 || total
-------------------------+-------+-------++-------
Melee: Flail             |    95 |    59 ||   154
  Eat: Chunk             |     1 |     2 ||     3
Armor: Scale mail        |    60 |    43 ||   103
Dodge: Dodged            |    33 |    17 ||    50
Block: Kite shield       |    48 |    41 ||    89
